 Dungeon Crawl Stone Soup version 0.22-a0-482-g76e0a5f51a (webtiles) character file.

3040 D1HalberdGnoll the Destroyer (level 9, -8/53 HPs)
             Began as a Deep Elf Conjurer on June 17, 2018.
             Was a Believer of Vehumet.
             Mangled by a two-headed ogre
             ... wielding a +0 giant spiked club
              (15 damage)
             ... on level 8 of the Dungeon.
             The game lasted 00:16:26 (8867 turns).

D1HalberdGnoll the Destroyer (Deep Elf Conjurer)    Turns: 8867, Time: 00:16:27

Health: -8/53      AC: 13    Str:  8    XL:     9   Next: 56%
Magic:  8/18       EV: 12    Int: 21    God:    Vehumet [**....]
Gold:   190        SH:  0    Dex: 15    Spells: 12/18 levels left

rFire    . . .     SeeInvis .   a - +3 dagger (venom)
rCold    . . .     Gourm    .   (no shield)
rNeg     . . .     Faith    .   e - quicksilver dragon scales
rPois    .         Spirit   .   h - +2 hat
rElec    .         Reflect  .   (no cloak)
rCorr    .         Harm     .   (no gloves)
MR       ++...                  q - +0 pair of boots
Stlth    +.........             (no amulet)
HPRegen  0.17/turn              b - ring of protection from magic
MPRegen  0.16/turn              (no ring)

@: about to teleport
A: no striking features
a: Renounce Religion


You were on level 8 of the Dungeon.
You worshipped Vehumet.
Vehumet was pleased with you.
You were not hungry.

You visited 2 branches of the dungeon, and saw 9 of its levels.
You also visited: Ossuary.

You collected 381 gold pieces.
You spent 191 gold pieces at shops.

Inventory:

Hand Weapons
 a - a +3 dagger of venom (weapon)
Armour
 e - quicksilver dragon scales (worn)
 h - a +2 hat (worn)
 q - a +0 pair of boots (worn)
Jewellery
 b - a ring of protection from magic (left hand)
 x - an uncursed ring of ice
Wands
 n - a wand of random effects (35)
 p - a wand of disintegration (10)
Scrolls
 g - 8 scrolls of teleportation
 m - a scroll of amnesia
 r - a scroll of enchant armour
 t - a scroll of remove curse
 u - a scroll of identify
Potions
 d - 3 potions of lignification
 f - 3 potions of berserk rage
 i - 3 potions of mutation {unknown}
 j - a potion of curing
 k - 2 potions of might
 l - 4 potions of brilliance
 o - a potion of agility
 s - 2 potions of degeneration {unknown}
 v - 4 potions of heal wounds {unknown}
Comestibles
 c - 11 rations
 w - a chunk of flesh


   Skills:
 + Level 4.8 Fighting
 + Level 3.8 Armour
 - Level 4.5 Dodging
 - Level 2.4 Stealth
 - Level 5.1 Spellcasting
 * Level 10.3 Conjurations
 + Level 6.3 Hexes


You had 12 spell levels left.
You knew the following spells:

 Your Spells              Type           Power        Failure   Level  Hunger
a - Magic Dart            Conj           ####         1%          1    None
b - Searing Ray           Conj           #####.       1%          2    None
c - Dazzling Spray        Conj/Hex       #####.       3%          3    ##.....

Your spell library contained the following spells:

 Spells                   Type           Power        Failure   Level  Hunger
 Iskenderun's Mystic Bla  Conj           #####...     4%          4    ####...
 Fulminant Prism          Conj/Hex       #####.....   10%         4    ####...
 Force Lance              Conj/Tloc      ####....     34%         4    ####...


Dungeon Overview and Level Annotations

Branches:
Dungeon (8/15)             Temple (1/1) D:6
   Lair: D:8-11

Altars:
Dithmenos
Hepliaklqana
Makhleb
Nemelex Xobeh
Okawaru
Qazlal
Trog
Vehumet
Wu Jian
Xom

Shops:
D:4 ?[%(   D:5 :   D:6 (

Annotations:
D:7 exclusion: downstairs


Message History

You finish channeling your searing ray.
The two-headed ogre hits you with a giant spiked club!!
Ouch! That really hurt!
* * * LOW HITPOINT WARNING * * *
The two-headed ogre hits you with a giant club!
* * * LOW HITPOINT WARNING * * *
Okay, then.
Okay, then.
You feel better.
The two-headed ogre hits you with a giant spiked club.
* * * LOW HITPOINT WARNING * * *
The two-headed ogre barely misses you.
The two-headed ogre is no longer blind.
Items here: ( )) † an uncursed shortbow; 20 arrows; a giant club; a centaur corpse You see here a hound corpse.
As you read the scroll of teleportation, it crumbles to dust.
You feel strangely unstable.
The two-headed ogre hits you with a giant spiked club!
You die...

##..........
####...........
#######...........#
#...........)(#
#....<......Z##
#.....##.....# ##
##########...#
###.. #.O(# #....
#.@(# #....
#..(###...# ######
##..###...# .....##
##..## #.c# ......#
##..## #..# ###...#
##.W## #..# ##..##
##..## #(.#
##....###..## #OZ#
##.........## #..#


You could see a two-headed ogre, a phantom and a leopard gecko zombie.

Vanquished Creatures
  Prince Ribbit (D:6)
  Sigmund (D:2)
  A hungry ghost (D:7)
  An ice beast (D:5)
  An orc warrior (D:8)
  A sky beast (D:6)
  A phantom (D:4)
  3 ogres
  3 centaurs
  2 bullfrogs
  A scorpion (D:7)
  3 wights (D:6)
  4 crimson imps
  A centaur skeleton (D:7)
  A bullfrog zombie (D:6)
  6 hounds
  A jelly (D:7)
  2 orc priests (D:3)
  Ijyb (D:3)
  4 iguanas
  Natasha (twice) (D:2)
  7 orc wizards
  8 worker ants
  A killer bee zombie (D:8)
  8 big kobold zombies (Ossuary)
  A hound skeleton (D:6)
  A mummy (Ossuary)
  A gnoll (D:1)
  6 adders
  A shadow imp (D:8)
  An adder skeleton (D:4)
  A worm (D:5)
  2 dart slugs
  3 leopard geckos
  17 orcs
  3 spectral bats (Ossuary)
  2 ball pythons (D:6)
  6 giant cockroaches
  9 goblins
  4 hobgoblins
  8 jackals
  A kobold (D:3)
  5 quokkas
  11 bats
  3 bat simulacra (Ossuary)
  5 frilled lizards
  4 gnoll zombies (Ossuary)
  A goblin simulacrum (Ossuary)
  5 goblin zombies (Ossuary)
  5 hobgoblin zombies (Ossuary)
  A jackal zombie (D:6)
  2 kobold simulacra (Ossuary)
  5 kobold zombies
  4 orc zombies (Ossuary)
  6 rats
  2 rat simulacra (Ossuary)
  4 spectral kobolds (Ossuary)
  6 spectral rats (Ossuary)
201 creatures vanquished.

Notes
Turn   | Place    | Note
-------+----------+-------------------------------------------
     0 | D:1      | D1HalberdGnoll the Deep Elf Conjurer began the quest for the Orb.
     0 | D:1      | Reached XP level 1. HP: 10/10 MP: 6/6
   328 | D:1      | Reached XP level 2. HP: 15/15 MP: 6/8
   332 | D:1      | Found a shimmering altar of Xom.
  1052 | D:2      | Reached XP level 3. HP: 20/20 MP: 6/9
  1145 | D:2      | Noticed Natasha
  1149 | D:2      | Killed Natasha
  1149 | D:2      | Reached skill level 1 in Fighting
  1149 | D:2      | Reached skill level 5 in Conjurations
  1341 | D:2      | Noticed Sigmund
  1358 | D:2      | Killed Sigmund
  1358 | D:2      | Reached XP level 4. HP: 26/26 MP: 1/12
  1358 | D:2      | Reached XP level 5. HP: 30/30 MP: 1/13
  1486 | D:2      | Noticed Natasha
  1493 | D:2      | Killed Natasha
  1493 | D:2      | Reached skill level 6 in Conjurations
  1938 | D:3      | Learned a level 2 spell: Searing Ray
  1975 | D:3      | Noticed Ijyb
  1999 | D:3      | Killed Ijyb
  1999 | D:3      | Reached XP level 6. HP: 18/35 MP: 0/14
  2954 | D:4      | Reached skill level 5 in Spellcasting
  3088 | D:4      | Found a bloodstained altar of Trog.
  3089 | D:4      | Found an iron altar of Okawaru.
  3091 | D:4      | Found a stormy altar of Qazlal.
  3091 | D:4      | Found an ornate altar of the Wu Jian Council.
  3091 | D:4      | Found a burning altar of Makhleb.
  3096 | D:4      | Reached XP level 7. HP: 40/40 MP: 10/16
  3173 | D:4      | Learned a level 3 spell: Dazzling Spray
  3329 | D:4      | Found Ulegant's Weapon Boutique.
  3373 | D:4      | Found Edezun's Antique Armour Shoppe.
  3375 | D:4      | Found Tejiudob's Food Boutique.
  3381 | D:4      | Bought a pair of boots for 72 gold pieces
  3381 | D:4      | Bought a wizard robe for 91 gold pieces
  3393 | D:4      | Identified the +1 robe of Wonder {rCorr Dex+5 Slay+3 Stlth+} (You bought it in a shop on level 4 of the Dungeon)
  3410 | D:4      | Reached skill level 7 in Conjurations
  3548 | D:4      | Found Dejauw's Magic Scroll Boutique.
  3557 | D:4      | Bought a scroll of identify for 28 gold pieces
  3764 | D:5      | Entered Level 5 of the Dungeon
  3768 | D:5      | Reached skill level 1 in Hexes
  3843 | D:5      | Found Toon's Book Boutique.
  3910 | D:5      | Reached skill level 1 in Armour
  4681 | D:6      | Found Paumpyix's Antique Weapon Boutique.
  4718 | D:6      | Reached XP level 8. HP: 46/46 MP: 11/17
  4837 | D:6      | Noticed Prince Ribbit
  4846 | D:6      | Killed Prince Ribbit
  4846 | D:6      | Reached skill level 8 in Conjurations
  5494 | D:6      | Found a staircase to the Ecumenical Temple.
  5539 | D:6      | Found a hazy altar of Hepliaklqana.
  5864 | Temple   | Entered the Ecumenical Temple
  5873 | Temple   | Became a worshipper of Vehumet
  6131 | D:7      | Reached skill level 9 in Conjurations
  6408 | D:7      | Got a steaming war axe
  6409 | D:7      | Identified the +7 war axe of Descent {chop, +Inv rF- rN+ Dex+4} (You found it on level 7 of the Dungeon)
  6422 | D:7      | Reached skill level 5 in Hexes
  6557 | D:7      | Reached XP level 9. HP: 52/52 MP: 12/18
  6864 | D:7      | Got a smoking plate armour
  6865 | D:7      | Identified the +9 plate armour of Juty {*Corrode rPois Str+5 Dex-5} (You found it on level 7 of the Dungeon)
  7203 | D:8      | Reached * piety under Vehumet
  7203 | D:8      | Offered knowledge of Flame Tongue by Vehumet.
  7423 | D:8      | Noticed a two-headed ogre
  7436 | D:8      | Found a sand-covered staircase.
  7584 | Ossuary  | Entered an ossuary
  7996 | Ossuary  | Reached skill level 10 in Conjurations
  8131 | Ossuary  | Offered knowledge of Throw Flame by Vehumet.
  8190 | Ossuary  | Reached ** piety under Vehumet
  8862 | D:8      | HP: 2/53 [two-headed ogre/giant spiked club (12)]
  8867 | D:8      | Mangled by a two-headed ogre

Vault maps used:
D:1:      minmay_arrival_widening_spiral_wide, xom_teletrap_fun
D:2:      uniq_natasha, uniq_sigmund
D:3:      uniq_ijyb
D:4:      grunt_temple_overflow_open, serial_shops, shop, shop_fountains, shop,
          nicolae_shop_waterfront
D:5:      first_ration, serial_shops, shop, grunt_decor_resistance,
          corexii_leaking_fountain
D:6:      lemuel_round_altar, minmay_temple_entry_butterflies, serial_shops,
          shop, uniq_prince_ribbit1
D:8:      enter_ossuary_3
Temple:   kb_temple_of_zot
Ossuary:  ossuary_zaba_two_paths

Skill      XL: |  1  2  3  4  5  6  7  8  9 |
---------------+----------------------------+-----
Fighting       | 1 2 3 4 |  4.8
Dodging        | 3 4 |  4.5
Conjurations   | 5 6 7 9 10 | 10.3
Spellcasting   | 4 5 |  5.1
Hexes          | 2 5 6 |  6.3
Armour         | 1 3 |  3.8
Stealth        | |  2.4

Action                   |  1- 3 |  4- 6 |  7- 9 || total
-------------------------+-------+-------+-------++-------
Melee: Dagger            |       |    13 |    24 ||    37
 Cast: Magic Dart        |    44 |    62 |   145 ||   251
       Searing Ray       |       |     8 |    83 ||    91
       Dazzling Spray    |       |       |    13 ||    13
Evoke: Wand              |       |       |     4 ||     4
  Use: Potion            |       |     2 |     2 ||     4
       Scroll            |       |    11 |    11 ||    22
  Eat: Chunk             |     1 |     5 |    12 ||    18
       Ration            |       |       |     2 ||     2
Armor: Quicksilver drago |     2 |    16 |    74 ||    92
       Robe              |       |       |     7 ||     7
Dodge: Dodged            |     2 |    20 |   110 ||   132

Table legend:
 A = Spawn XP
 B = Non-spawn XP
 C = Spawn XP percentage of total XP
 D = Spawn monster count
 E = Non-spawn monster count
 F = Spawn count percentage of total count
 G = Total turns spent on level
                    A         B        C        D         E        F      G
               +---------+---------+-------+---------+---------+-------+---------
         Total |       0 |    4343 |   0.0 |       0 |     201 |   0.0 |  8867
               +---------+---------+-------+---------+---------+-------+---------
           D:1 |       0 |      29 |   0.0 |       0 |      11 |   0.0 |   921
           D:2 |       0 |     300 |   0.0 |       0 |      11 |   0.0 |   934
           D:3 |       0 |     200 |   0.0 |       0 |      31 |   0.0 |   975
           D:4 |       0 |     303 |   0.0 |       0 |      13 |   0.0 |   934
           D:5 |       0 |     453 |   0.0 |       0 |      15 |   0.0 |   812
           D:6 |       0 |    1028 |   0.0 |       0 |      24 |   0.0 |  1506
           D:7 |       0 |     673 |   0.0 |       0 |      23 |   0.0 |  1022
           D:8 |       0 |    1092 |   0.0 |       0 |      21 |   0.0 |   689
       Ossuary |       0 |     265 |   0.0 |       0 |      52 |   0.0 |  1060
               +---------+---------+-------+---------+---------+-------+---------
